 Dungeon Crawl Stone Soup version 0.30.1-10-g1249ef9ec4 (webtiles) character file.

Game seed: 1434049385559507698

108 lonewolfV2 the Covered (level 4, -1/35 HPs)
             Began as a Demonspawn Fighter on Oct 26, 2023.
             Slain by an orc
             ... wielding a +0 flail
              (7 damage)
             ... on level 4 of the Dungeon.
             The game lasted 00:03:22 (2308 turns).

lonewolfV2 the Covered (Demonspawn Fighter)         Turns: 2308, Time: 00:03:22

Health: -1/35      AC:  6    Str: 19    XL:     4   Next: 58%
Magic:  4/4        EV: 10    Int:  9    God:
Gold:   193        SH:  5    Dex: 12    Spells: 3/3 levels left

rFire   + . .        a - +1 war axe
rCold   . . .        c - +1 buckler
rNeg    . . .        b - +0 scale mail
rPois   .            (no helmet)
rElec   .            (no cloak)
rCorr   .            (no gloves)
SInv    .            (no boots)
Will    .....        l - amulet of the acrobat Stlth
                     f - ring of protection from fire
HPRegen 0.25/turn    (no ring)
MPRegen 0.09/turn

%: acrobat
@: lethally poisoned (-1 -> -18)
A: powered by pain 1
a: no special abilities


You were on level 4 of the Dungeon.
You visited 1 branch of the dungeon, and saw 4 of its levels.

You collected 193 gold pieces.

Inventory:

Hand Weapons
 a - a +1 war axe (weapon)
Armour
 b - a +0 scale mail (worn)
 c - a +1 buckler (worn)
Jewellery
 f - a ring of protection from fire (left hand)
 j - an amulet of magic regeneration
 l - an amulet of the acrobat (around neck)
 q - a ring of willpower
Wands
 p - a wand of quicksilver (9)
Scrolls
 e - a scroll of enchant armour
 g - 2 scrolls of enchant weapon
Potions
 d - a potion of might
 h - a potion of magic
 k - 2 potions of curing
 n - a potion of flight


   Skills:
 - Level 3.0 Fighting
 - Level 1.7 Axes
 + Level 3.5 Armour
 * Level 3.1 Dodging
 - Level 2.6 Shields


You had 3 spell levels left.
You didn't know any spells.
Your spell library contained the following spells:

 Spells                   Type           Power      Damage    Failure   Level
 Ozocubu's Armour         Ice            0%         N/A       99%         3
 Metabolic Englaciation   Hex/Ice        0%         N/A       100%        5
 Simulacrum               Ice/Necr       0%         N/A       100%        6


Dungeon Overview and Level Annotations

Branches:
Dungeon (4/15)
 Temple: D:4-7

Altars:
Dithmenos
Trog

Shops:
D:1 :   D:3 ?


Innate Abilities, Weirdness & Mutations

You sometimes gain a little power by taking damage.


Message History

You block the orc priest's attack. The orc barely misses you.
The orc hits you but does no damage. You block the orc's attack.
The orc priest barely misses you. The orc barely misses you.
You hit the orc priest.
The orc priest is heavily wounded.
You completely miss the orc. You closely miss the orc.
The orc priest hits you but does no damage.
The orc hits you but does no damage.
An orc comes into view. It is wielding a +0 short sword.
The orc hits you with a +0 flail.
Unknown command.
You closely miss the orc priest.
The orc priest is heavily wounded.
You hit the orc. You barely miss the orc.
The orc priest hits you with a +0 short sword of venom.
You are poisoned.
The orc completely misses you. The orc barely misses you. x2
You block the orc's attack. You block the orc priest's attack.
You hit the orc priest.
The orc priest is heavily wounded.
You hit the orc but do no damage. You completely miss the orc.
You feel very sick. You block the orc priest's attack.
An orc comes into view. It is wielding a +0 mace.
The orc closely misses you. The orc hits you with a +0 flail.
* * * LOW HITPOINT WARNING * * *
You closely miss the orc priest.
The orc priest is heavily wounded.
You barely miss the orc.
The orc shouts!
You hit the orc.
You kill the orc!
* * * LOW HITPOINT WARNING * * *
You feel very sick.
You hear a shout! x2
The orc priest hits you with a +0 short sword of venom.
* * * LOW HITPOINT WARNING * * *
You are lethally poisoned!
The orc hits you but does no damage. The orc hits you with a +0 flail!
You die...

# ..+....#....#
#
.##....####'##
.# #... #...).#
#.# #..
#.....#... ##.
#.....#.#
#.......#
#.....###
...#..oo.######
#.[.ooo@.......
#.....#########
#?..#. ###...
.... .... ...


You could see an orc priest and 4 orcs.

Vanquished Creatures
  An adder (D:2)
  2 worms
  18 orcs
  4 ball pythons
  3 bats
  5 endoplasms
  3 giant cockroaches
  7 goblins
  2 hobgoblins
  3 jackals (D:3)
  6 kobolds
  2 quokkas
  4 frilled lizards
  14 rats
74 creatures vanquished.

Notes
Turn   | Place    | Note
-------+----------+-------------------------------------------
     0 | D:1      | lonewolfV2 the Demonspawn Fighter began the quest for the
                  | Orb.
     0 | D:1      | Reached XP level 1. HP: 18/18 MP: 1/1
    35 | D:1      | Found Ezuassim's Book Emporium.
   162 | D:1      | Reached skill level 1 in Dodging
   218 | D:1      | Gained mutation: You sometimes gain a little power by
                  | taking damage. [demonic ancestry]
   218 | D:1      | Reached XP level 2. HP: 23/24 MP: 2/2
   271 | D:1      | Found a faded altar of an unknown god.
   976 | D:2      | Reached XP level 3. HP: 29/29 MP: 3/3
  1392 | D:3      | Found Xuibluwn's Magic Scroll Emporium.
  1442 | D:3      | Found a bloodstained altar of Trog.
  1614 | D:3      | Reached XP level 4. HP: 13/35 MP: 4/4
  1916 | D:3      | Found a shadowy altar of Dithmenos.
  2308 | D:4      | Slain by an orc

Illustrated notes

Levels and vault maps discovered:
D:1:      eino_arrival_druids_welcome, layout_loops_ring, serial_shops,
          nicolae_shop_trees, hellmonk_ecumenical_altar_run_dry,
          grunt_decor_mini_mirrors, minmay_rat_gold_closets
D:2:      layout_rooms
D:3:      layout_basic, bloody_trog, grunt_dithmenos_smoke_and_mirrors,
          serial_shops, nicolae_shop_temple_entry_statues_fountains
D:4:      cheibrodos_old_hovel, layout_basic, overflow_temple_1_default,
          nicolae_overflow_hidden_temple, lemuel_temple_firewalk_a

Skill      XL: |  1  2  3  4 |
---------------+-------------+-----
Dodging        | 1 2 3 |  3.1
Armour         | 3 |  3.5
Fighting       | |  3.0
Axes           | |  1.7
Shields        | |  2.6

Action                     |  1- 3 |  4- 6 || total
---------------------------+-------+-------++-------
  Melee: War axe           |   126 |    62 ||   188
    Use: Scroll            |    10 |       ||    10
 Armour: Scale mail        |    54 |    22 ||    76
  Dodge: Dodged            |    68 |    47 ||   115
  Block: Buckler           |    44 |    23 ||    67
